 Dungeon Sprint DCSS version 0.21-a0-241-g2cbab09 (webtiles) character file.

5010 terra52 the Spear-Bearer (level 10, -3/103 HPs)
             Began as a Centaur Berserker on Sept 3, 2017.
             Was an Elder of Trog.
             Slain by a lindwurm (15 damage)
             ... in the Dungeon (Sprint I: "Red Sonja").
             The game lasted 00:08:23 (1016 turns).

terra52 the Spear-Bearer (Centaur Berserker)        Turns: 1016, Time: 00:08:24

Health: -3/103     AC: 10    Str: 19    XL:     10   Next: 29%
Magic:  10/10      EV: 12    Int:  6    God:    Trog [****..]
Gold:   188        SH:  0    Dex: 13    Spells: 9/9 levels left

rFire    . . .     SeeInvis +   l - +0 longbow (curse)
rCold    . . .     Gourm    .   (shield currently unavailable)
rNeg     . . .     Faith    .   q - +4 ring mail {rPois}
rPois    +         Spirit   .   (no helmet)
rElec    .         Reflect  .   (no cloak)
rCorr    .         Harm     .   (no gloves)
MR       .....     NoTele   +   (no barding)
Stlth    +.........             (no amulet)
HPRegen  0.27/turn              t - ring of stealth
MPRegen  0.12/turn              n - ring of see invisible

@: starving, very quick
A: hooves 3, deformed body, speed 2, tough skin 3
a: Berserk, Trog's Hand, Brothers in Arms, Burn Spellbooks, Renounce Religion


You were in the Dungeon.
You worshipped Trog.
Trog was greatly pleased with you.
You were starving.

You visited 1 branch You collected 968 gold pieces.
You spent 780 gold pieces at shops.

Inventory:

Hand Weapons
 a - a +0 spear
 c - a +0 blowgun
 l - a cursed +0 longbow (weapon)
Missiles
 m - 100 arrows (quivered)
 p - 3 exploding tomahawks
 r - 5 curare-tipped needles
Armour
 b - a +0 animal skin
 q - a +4 ring mail of poison resistance (worn)
Jewellery
 n - a ring of see invisible (right hand)
 t - a ring of stealth (left hand)
Scrolls
 h - a scroll of fear {unknown}
 i - a scroll of blinking
 s - a scroll of random uselessness {unknown}
 u - a scroll of immolation {unknown}
Potions
 d - 4 potions of curing
 e - a potion of heal wounds
 f - 2 potions of haste
 g - 2 potions of magic
 v - a potion of degeneration


   Skills:
 + Level 14.2 Fighting
 + Level 14.4 Polearms
 * Level 7.1 Bows
 + Level 5.4 Armour
 + Level 6.6 Dodging


You had 9 spell levels left.
You didn't know any spells.

Dungeon Overview and Level Annotations

Branches:
Dungeon (1/1)

Altars:
Cheibriados
Dithmenos
Elyvilon
Fedhas
Gozag
Hepliaklqana
Kikubaaqudgha
Makhleb
Nemelex Xobeh
Okawaru
Qazlal
Ru
Sif Muna
Trog
Uskayaw
Vehumet
Wu Jian
Xom
Yredelemnul
Zin
The Shining One
Jiyva
Lugonu

Shops:
D *=[


Innate Abilities, Weirdness & Mutations

You have hooves in place of feet.
Armour fits poorly on your strangely shaped body.
You cover ground very quickly.
You have extremely tough skin. (AC +3)


Message History

The lindwurm bites you.
* * * LOW HITPOINT WARNING * * *
The lindwurm claws you but does no damage. x2
Firing (i - inventory. (,) - cycle):
m - 102 arrows (quivered)
Press: ? - help, Shift-Dir - straight line, f/p - lindwurm
Aim: a lindwurm (lightly wounded)
You shoot an arrow. The arrow hits the lindwurm.
The lindwurm is moderately wounded.
The lindwurm breathes flames at you. The blast of flame misses you.
The lindwurm bites you!
* * * LOW HITPOINT WARNING * * *
The lindwurm misses you. The lindwurm closely misses you.
Firing (i - inventory. (,) - cycle):
m - 101 arrows (quivered)
Press: ? - help, Shift-Dir - straight line, f/p - lindwurm
Aim: a lindwurm (purple smoke, moderately wounded, catching its breath)
You shoot an arrow. The arrow hits the lindwurm!
The lindwurm is heavily wounded.
You recover from your berserk rage.
The lindwurm bites you!
You die...

#####################
..#__#..')..#.(#§k§§+
..'..'..#).†##'#@#
#'#__####...'§.#§#
#)####§§#####.§§§#
#§#§§§.§#§.##+####
_.§§≈§.§§§.#
._#)§≈.§#§.#
#'##'#####'###
#.#.)..###.+$#
####'###.###§#


You could see a lindwurm.

Vanquished Creatures
  2 centaur warriors (D)
  Sonja (D)
  A deep troll (D)
  An oklob plant (D)
  2 kobold demonologists (D)
  4 demonic crawlers (D)
  A hornet (D)
  A slime creature (D)
  Sigmund (D)
  A yak (D)
  A floating eye (D)
  An ogre (D)
  A jelly (D)
  Ijyb (D)
  4 ballistomycetes (D)
23 creatures vanquished.

Vanquished Creatures (others)
  2 ballistomycete spores (D)
2 creatures vanquished.

Grand Total: 25 creatures vanquished

Notes
Turn   | Place    | Note
-------+----------+-------------------------------------------
     0 | D        | terra52 the Centaur Berserker began the quest for the Orb.
     0 | D        | Reached XP level 1. HP: 19/19 MP: 1/1
     1 | D        | Noticed Ijyb
     6 | D        | Killed Ijyb
     6 | D        | Reached XP level 2. HP: 28/28 MP: 2/2
    33 | D        | Noticed an ogre
    37 | D        | Killed an ogre
    37 | D        | Reached skill level 5 in Polearms
    37 | D        | Reached XP level 3. HP: 38/38 MP: 3/3
    37 | D        | Reached XP level 4. HP: 45/45 MP: 4/4
    89 | D        | Noticed Sigmund
    93 | D        | Killed Sigmund
    93 | D        | Reached ** piety under Trog
    93 | D        | Reached XP level 5. HP: 53/53 MP: 5/5
    93 | D        | Reached XP level 6. HP: 61/61 MP: 6/6
   136 | D        | Found an ornate altar of the Wu Jian Council.
   136 | D        | Found a deep blue altar of Sif Muna.
   138 | D        | Found a radiant altar of Vehumet.
   145 | D        | Found Fugel's Jewellery Emporium.
   145 | D        | Found an ancient bone altar of Kikubaaqudgha.
   145 | D        | Found a hazy altar of Hepliaklqana.
   145 | D        | Found a stormy altar of Qazlal.
   145 | D        | Found a hide-covered altar of Uskayaw.
   145 | D        | Found a blossoming altar of Fedhas.
   145 | D        | Found a bloodstained altar of Trog.
   145 | D        | Found an iron altar of Okawaru.
   145 | D        | Found a basalt altar of Yredelemnul.
   145 | D        | Found a glowing golden altar of the Shining One.
   145 | D        | Found a snail-covered altar of Cheibriados.
   145 | D        | Found a sacrificial altar of Ru.
   145 | D        | Found a glowing silver altar of Zin.
   145 | D        | Found a shadowy altar of Dithmenos.
   145 | D        | Found a white marble altar of Elyvilon.
   145 | D        | Noticed a yak
   151 | D        | Killed a yak
   152 | D        | Found an opulent altar of Gozag.
   156 | D        | Found a sparkling altar of Nemelex Xobeh.
   203 | D        | Found a burning altar of Makhleb.
   203 | D        | Found a viscous altar of Jiyva.
   203 | D        | Found a shimmering altar of Xom.
   203 | D        | Found a corrupted altar of Lugonu.
   203 | D        | Noticed a slime creature
   209 | D        | Killed a slime creature
   209 | D        | Reached *** piety under Trog
   209 | D        | Reached skill level 10 in Fighting
   209 | D        | Reached XP level 7. HP: 71/72 MP: 7/7
   267 | D        | Noticed a kobold demonologist
   268 | D        | Noticed a kobold demonologist
   269 | D        | Noticed a hellwing
   271 | D        | Reached skill level 10 in Polearms
   272 | D        | Noticed a ynoxinul
   278 | D        | Killed a kobold demonologist
   285 | D        | Killed a kobold demonologist
   285 | D        | Reached **** piety under Trog
   285 | D        | Reached XP level 8. HP: 82/82 MP: 8/8
   325 | D        | Noticed a centaur warrior
   327 | D        | Noticed a centaur warrior
   336 | D        | Killed a centaur warrior
   336 | D        | Reached skill level 5 in Dodging
   342 | D        | Killed a centaur warrior
   342 | D        | Reached XP level 9. HP: 51/92 MP: 9/9
   560 | D        | Noticed a deep troll
   567 | D        | Killed a deep troll
   567 | D        | Reached ***** piety under Trog
   567 | D        | Reached skill level 5 in Armour
   580 | D        | Found Kump's Armour Emporium.
   587 | D        | Bought a +3 ring mail of poison resistance for 299 gold pieces
   672 | D        | Noticed Sonja
   684 | D        | Killed Sonja
   709 | D        | Found Ciggen's Assorted Antiques.
   717 | D        | Bought a scroll labeled QUGUDI BEAKHA for 31 gold pieces
   717 | D        | Bought an agate ring for 155 gold pieces
   717 | D        | Bought a scroll labeled IZET GOANT for 31 gold pieces
   717 | D        | Bought a viscous coppery potion for 27 gold pieces
   717 | D        | Bought a yellow potion for 27 gold pieces
   801 | D        | Bought an uncursed ring of see invisible for 210 gold pieces
   833 | D        | Received a gift from Trog
   833 | D        | Reached skill level 5 in Bows
   878 | D        | Noticed an oklob plant
   885 | D        | Killed an oklob plant
   885 | D        | Reached XP level 10. HP: 102/102 MP: 10/10
   956 | D        | Received a gift from Trog
   969 | D        | Received a gift from Trog
  1011 | D        | Noticed a lindwurm
  1016 | D        | Slain by a lindwurm

Vault maps used:
D:        dungeon_sprint_1

Skill      XL: |  1  2  3  4  5  6  7  8  9 10 |
---------------+-------------------------------+-----
Fighting       | 4 6 8 10 11 12 13 14 | 14.2
Polearms       | 4 5 7 9 11 13 14 | 14.4
Dodging        | 2 3 4 5 6 |  6.6
Armour         | 2 3 4 5 |  5.4
Bows           | 5 7 |  7.1

Action                   |  1- 3 |  4- 6 |  7- 9 | 10-12 || total
-------------------------+-------+-------+-------+-------++-------
Melee: Spear             |     7 |    13 |    74 |    23 ||   117
       Kick              |     3 |     6 |    27 |     9 ||    45
 Fire: Longbow           |       |       |       |     5 ||     5
Invok: Berserk           |     2 |     3 |     6 |       ||    11
       Brothers in Arms  |       |       |     1 |     1 ||     2
  Use: Scroll            |       |       |     2 |       ||     2
       Potion            |       |       |       |     6 ||     6
  Eat: Chunk             |       |     2 |     3 |       ||     5
       Bread ration      |       |       |     1 |       ||     1
Armor: Animal skin       |       |       |     6 |       ||     6
       Ring mail         |       |       |     2 |    25 ||    27
Dodge: Dodged            |     1 |     2 |     9 |    31 ||    43

Table legend:
 A = Spawn XP
 B = Non-spawn XP
 C = Spawn XP percentage of total XP
 D = Spawn monster count
 E = Non-spawn monster count
 F = Spawn count percentage of total count
 G = Total turns spent on level
                    A         B        C        D         E        F      G
               +---------+---------+-------+---------+---------+-------+---------
         Total |       0 |    7158 |   0.0 |       0 |      19 |   0.0 |  1016
               +---------+---------+-------+---------+---------+-------+---------
             D |       0 |    7158 |   0.0 |       0 |      19 |   0.0 |  1016
               +---------+---------+-------+---------+---------+-------+---------
